Map: Derelict Watcher TE

Players

Erfeyah - Winner!

  • Race: Terran Terran
  • Spawn Location: 1:00

VOD

Have the link to the VOD?

Description

Time

  • Played on: Nov. 28, 2017, 11:25 a.m.
  • Length: 20:18
Show
View Real Time Build Order
Export as new Build Order

Erfeyah Terran - Winner!

Build Orders: Reaper Expand 

Get SALT Encoding   

  12  0:03  SCV  
  12  0:21  SCV  
  12  0:33  SCV  
  12  0:39  Supply Depot  
  12  1:01  SCV  
  12  1:13  SCV  
  12  1:14  Barracks  
  12  1:25  SCV  
  12  1:27  Supply Depot  
  12  1:37  SCV  
  12  1:49  SCV  
  12  2:01  SCV  
  12  2:04  Supply Depot  
  12  2:30  Supply Depot  
  12  3:13  Marine  
  12  3:16  SCV  
  12  3:28  SCV  
  12  3:31  Marine  
  12  3:49  Marine  
  12  4:06  Marine  
  12  4:14  Command Center  
  12  4:24  Marine  
  12  4:33  SCV  
  12  4:42  Marine  
  12  4:45  SCV  
  12  4:58  SCV  
  12  5:00  Marine  
  12  5:10  SCV  
  12  5:16  Barracks  
  12  5:18  Marine  
  12  5:26  Barracks  
  12  5:28  Refinery  
  12  5:36  Marine  
  12  5:40  SCV  
  12  5:41  SCV  
  12  5:52  SCV  
  12  5:53  SCV, Marine  
  12  6:05  SCV x2  
  12  6:11  Marine  
  12  6:17  SCV  
  12  6:23  SCV  
  12  6:29  SCV, Marine  
  12  6:36  Marine x2  
  12  6:47  Marine  
  12  6:53  Marine  
  12  6:54  Marine  
  12  6:55  Factory  
  12  7:05  Reaper  
  12  7:07  SCV x2  
  12  7:11  Marine x2  
  12  7:19  SCV  
  12  7:21  Refinery  
  12  7:29  Marine x2  
  12  7:30  SCV  
  12  7:46  Supply Depot  
  12  8:02  Supply Depot  
  12  8:08  SCV x2, Marine x3  
  12  8:10  Supply Depot  
  12  8:21  Command Center  
  12  8:25  Supply Depot, Marine x3  
  12  8:33  Supply Depot  
  12  8:43  Marine x3  
  12  8:48  Supply Depot  
  12  8:56  Starport, Supply Depot  
  12  9:10  Supply Depot  
  12  9:16  Starport  
  12  9:18  Supply Depot  
  12  9:29  Starport  
  12  9:34  Supply Depot  
  12  9:36  Marine x2  
  12  9:37  Marine  
  12  9:42  Supply Depot  
  12  9:49  Medivac  
  12  9:54  Marine x3  
  12  10:02  SCV x2  
  12  10:05  Supply Depot  
  12  10:12  Marine x2  
  12  10:14  SCV x2  
  12  10:19  Medivac, Refinery  
  12  10:26  SCV x2  
  12  10:29  Supply Depot  
  12  10:49  Medivac  
  12  10:51  Supply Depot  
  12  11:13  Supply Depot  
  12  11:19  Medivac  
  12  11:28  Marine  
  12  11:29  Marine x2  
  12  11:35  Supply Depot  
  12  11:36  Viking  
  12  11:37  Viking  
  12  11:46  Marine  
  12  11:47  Marine x2  
  12  11:49  Medivac  
  12  12:01  Supply Depot  
  12  12:04  Marine x3  
  12  12:06  Viking  
  12  12:07  Viking  
  12  12:19  Viking  
  12  12:22  Marine x2  
  12  12:25  Supply Depot  
  12  12:36  SCV x2, Viking  
  12  12:37  Viking  
  12  12:38  Marine  
  12  12:40  Marine  
  12  12:48  SCV x2  
  12  12:49  Viking  
  12  12:53  Marine  
  12  12:56  Marine  
  12  12:58  Marine  
  12  13:00  SCV x2  
  12  13:05  Refinery  
  12  13:06  Viking  
  12  13:07  Viking  
  12  13:10  Marine  
  12  13:12  SCV x2, Refinery  
  12  13:14  Marine  
  12  13:15  Marine  
  12  13:19  Viking  
  12  13:28  Marine  
  12  13:32  Marine  
  12  13:36  Viking x2  
  12  13:42  Marine  
  12  13:46  Marine  
  12  13:49  Marine, Viking  
  12  14:00  Marine  
  12  14:04  Marine  
  12  14:06  Medivac x2  
  12  14:19  Medivac  
  12  14:36  Viking x2  
  12  15:06  SCV x2  
  12  15:07  Marine x3  
  12  15:09  Medivac x3  
  12  15:18  SCV x2  
  12  15:25  Marine x3  
  12  15:30  SCV  
  12  15:39  Medivac x2, Viking  
  12  15:42  Marine  
  12  16:09  Viking x3  
  12  16:39  Viking  
Tags
 
Add a new tag
Caveats
  • Supply blocks, unpowered buildings, or Contaminate may cause inaccurate times.
  • Supply counts are checked every 10 seconds.